 Dungeon Sprint DCSS version 0.31-a0-841-g038b102fc3 (webtiles) character file.

Game seed: 16439664864758988697

184 sircluck the Ruffian (level 5, 0/59 HPs)
             Began as a Troll Berserker on Sept 27, 2023.
             Was a Believer of Trog.
             Succumbed to a killer bee's poison
             ... in the Dungeon (Sprint VII: "The Pits").
             The game lasted 00:00:40 (34 turns).

sircluck the Ruffian (Troll Berserker)                Turns: 34, Time: 00:00:41

Health: 0/59       AC:  4    Str: 27    XL:     5   Next: 36%
Magic:  4/4        EV: 11    Int:  3    God:    Trog [**....]
Gold:   0          SH:  0    Dex:  9    Spells: 4/4 levels left

rFire   . .          .
                       - Unarmed
rCold   . . .        (no shield)
rNeg    . . .        a - +0 animal skin
rPois   .            (helmet restricted)
rElec   .            (no cloak)
rCorr   .            (gloves unavailable)
SInv    .            (boots unavailable)
Will    .....        (no amulet)
Stlth   +            (no ring)
HPRegen 1.09/turn    (no ring)
MPRegen 0.09/turn

%: no teleportation
@: lethally poisoned (0 -> -9), on berserk cooldown, slowed, very slow
A: large, unfitting armour, claws 3, regeneration 1, shaggy fur 1, tough skin 1
a: Renounce Religion, Berserk, Trog's Hand


You were in the Dungeon.
You worshipped Trog.
Trog was pleased with you.
You visited 1 branch

Inventory:

Armour
 a - a +0 animal skin (worn)
Scrolls
 g - a scroll of blinking
Potions
 b - a potion of curing
 c - a potion of heal wounds
 d - a potion of haste
 e - 2 potions of magic
 f - a potion of berserk rage


   Skills:
 + Level 5.9 Fighting
 + Level 5.8 Dodging
 + Level 7.0 Unarmed Combat


You had 4 spell levels left.
You didn't know any spells.
Your spell library was empty.

Dungeon Overview and Level Annotations

Branches:
Dungeon (1/1)

Altars:


Innate Abilities, Weirdness & Mutations

You are too large for most types of armour.
You have claws for hands.
Your natural rate of healing is unusually fast.
You are covered in fur. (AC +1)
You have tough skin. (AC +1)


Message History

You scratch the orc warrior but do no damage.
The orc warrior is severely wounded.
You feel sick. The killer bee barely misses you.
The killer bee closely misses you.
You claw the orc warrior!
You kill the orc warrior!
Trog accepts your kill.
You feel sick. The killer bee stings you.
You are more poisoned.
The killer bee poisons you! The killer bee stings you.
* * * LOW HITPOINT WARNING * * *
The kobold demonologist casts a spell.
The killer bee barely misses you.
A kobold comes into view. It is wielding a +0 whip.
The killer bee stings you!
* * * LOW HITPOINT WARNING * * *
You are lethally poisoned!
The killer bee poisons you!
Your Fighting skill increases to level 5!
Your Dodging skill increases to level 5!
Your Unarmed Combat skill gained 2 levels and is now at level 7!
You have reached level 5!
Unknown command.
Unknown command.
Unknown command.
Unknown command.
Unknown command.
Unknown command.
Unknown command.
You miss the killer bee.
* * * LOW HITPOINT WARNING * * *
You feel very sick.
The kobold shouts!
The killer bee stings you.
* * * LOW HITPOINT WARNING * * *
A kobold brigand comes into view.
It is wielding a +0 dagger and quivering curare-tipped darts.
You are no longer berserk.
You are exhausted.
You feel yourself slow down.
You die...

##########++######
#................#
#......#..#......#
#................+
+................+
#......#..#......#
#................#
####'#####y'######
#.......##y@#
#.......##oy#
#.......##yy#
#...<...##oK#
#.......##oK#
#.......##.4#
#.......##..K
##########K..


You could see 2 kobold demonologists, a chaos spawn (summoned), a kobold brigand
(wandering), 5 killer bees, an orc wizard, 2 orcs and a kobold.

Vanquished Creatures
  An orc warrior (D)
  A kobold brigand (D)
  An orc wizard (D)
3 creatures vanquished.

Notes
Turn   | Place    | Note
-------+----------+-------------------------------------------
     0 | D        | sircluck the Troll Berserker began the quest for the Orb.
     0 | D        | Reached XP level 1. HP: 22/22 MP: 0/0
    16 | D        | Noticed an orc wizard
    17 | D        | Noticed an orc warrior
    17 | D        | Noticed a kobold demonologist
    20 | D        | Noticed a kobold brigand
    21 | D        | Noticed a killer bee
    21 | D        | Noticed a killer bee
    22 | D        | Noticed a killer bee
    22 | D        | Noticed a killer bee
    22 | D        | Noticed a killer bee
    25 | D        | Killed an orc wizard
    25 | D        | Noticed a kobold demonologist
    26 | D        | Reached skill level 4 in Unarmed Combat
    26 | D        | Reached XP level 2. HP: 32/32 MP: 1/1
    29 | D        | Killed a kobold brigand
    29 | D        | Reached ** piety under Trog
    30 | D        | Reached skill level 5 in Unarmed Combat
    30 | D        | Reached XP level 3. HP: 27/41 MP: 2/2
    30 | D        | Reached XP level 4. HP: 32/49 MP: 3/3
    32 | D        | Killed an orc warrior
    33 | D        | Reached skill level 5 in Fighting
    33 | D        | Reached skill level 5 in Dodging
    33 | D        | Reached skill level 7 in Unarmed Combat
    33 | D        | Reached XP level 5. HP: 10/59 MP: 4/4
    33 | D        | Noticed a chaos spawn
    33 | D        | HP: 4/88 [killer bee (4)]
    34 | D        | Succumbed to a killer bee's poison

Illustrated notes

Levels and vault maps discovered:
D:        pitsprint [storerooms_1, entrance_room_1, metal_vault_3, armoury_1,
          mini_pit_1, grid_room_1, main_hall_1, silver_pit, the_coven_2,
          the_vestibule_1, steel_vault_2, golden_pit, hallway_of_sentries,
          crystal_vault_1, iron_vault_4, final_vault]

Skill      XL: |  1  2  3  4 |
---------------+-------------+-----
Fighting       | 3 4 5 |  5.9
Dodging        | 3 4 5 |  5.8
Unarmed Combat | 4 5 7 |  7.0

Action                     |  1- 3 |  4- 6 || total
---------------------------+-------+-------++-------
  Melee: Unarmed           |     7 |     4 ||    11
 Invoke: Berserk           |     1 |       ||     1
 Armour: Animal skin       |     7 |     5 ||    12
  Dodge: Dodged            |     3 |     5 ||     8

Table legend: (Time is in decaauts)
 A = Elapsed time spent in this place.
 B = Non-inter-level travel time spent in this place.
 C = Inter-level travel time spent in this place.
 D = Time resting spent in this place.
 E = Time spent auto-exploring this place.
 F = Levels seen in this place.
 G = Mean time per level.
                   A        B        C        D        E       F      G
               +--------+--------+--------+--------+--------+-----+--------+
         Total |     29 |     29 |      0 |      3 |      3 |   1 |   29.0 |
       Dungeon |     29 |     29 |      0 |      3 |      3 |   1 |   29.0 |
               +--------+--------+--------+--------+--------+-----+--------+

Top non-repeatable levels by time:
       D: 29 daAuts
